 Dungeon Crawl Stone Soup version 0.16-b1 (console) character file.

22 siepu the Grave Robber (level 2, -1/13 HPs)
             Began as a Vine Stalker Necromancer on Mar 14, 2015.
             Slain by a slave (3 damage)
             ... led by Pikel
             ... on level 5 of the Dungeon.
             The game lasted 00:02:50 (1393 turns).

siepu the Grave Robber (Vine Stalker Necromancer)   Turns: 1393, Time: 00:02:50

Health: -1/13      AC:  3    Str: 10    XL:     2   Next: 91%
Magic:  0/6        EV: 12    Int: 15    God:
Gold:   128        SH:  0    Dex: 14    Spells: 1 memorised, 5 levels left

rFire  . . .     SeeInvis .     f - +0 short sword
rCold  . . .     Clarity  .     a - +0 robe
rNeg   . . .     SustAb   .     (no shield)
rPois  .         Gourm    +     (no helmet)
rElec  .         Spirit   +     (no cloak)
rCorr  .         Warding  .     n - +0 pair of gloves {aux}
rMut   .         Stasis   .     (no boots)
MR     .....                    m - amulet of the gourmand
Stlth  ++........               (no ring)
                                (no ring)

@: not resistant to hostile enchantments, unstealthy
A: fangs 2, regeneration 1, magic shield, antimagic bite, no device heal 3, rot
immunity
a: no special abilities


You were on level 5 of the Dungeon.
You were not hungry.

You visited 1 branch of the dungeon, and saw 4 of its levels.

You collected 128 gold pieces.


Innate Abilities, Weirdness & Mutations

You have extremely sharp teeth.
Your natural rate of healing is unusually fast.
When hurt, damage is shared between your health and your magic reserves.
Your bite disrupts and absorbs the magic of your enemies.
Potions and wands cannot restore your health.
You are immune to rotting.


   Skills:
 - Level 1.5 Dodging
 - Level 2.4 Stealth
 + Level 2.8 Spellcasting
 + Level 4.4 Necromancy


You had 5 spell levels left.
You knew the following spells:

 Your Spells              Type           Power        Failure   Level  Hunger
a - Pain                  Necr           ###.         3%          1    #......

Inventory:

Hand weapons
 f - a +0 short sword (weapon)
Missiles
 g - 52 stones (quivered)
Armour
 a - a +0 robe (worn)
 n - a +0 pair of gloves (worn) {aux}
Jewellery
 k - an uncursed amulet of regeneration
   (You found it on level 2 of the Dungeon)
 m - an amulet of the gourmand (around neck)
   (You found it on level 2 of the Dungeon)
Scrolls
 e - 2 scrolls of identify {!r, unknown}
 h - a scroll of immolation {!r, unknown}
 i - a scroll of remove curse {!r, unknown}
Potions
 d - a potion of restore abilities {!q, unknown}
 j - a potion of cure mutation {!q, unknown}
 l - a potion of curing {!q, unknown}
Books
 b - a book of Necromancy

   Spells                             Type                      Level
   a - Pain                           Necromancy                   1
   b - Animate Skeleton               Necromancy                   1
   c - Vampiric Draining              Necromancy                   3
   d - Regeneration                   Charms/Necromancy            3
   e - Animate Dead                   Necromancy                   4
   f - Control Undead                 Necromancy                   4
Comestibles
 c - a bread ration {!e}


Message History

j - a green potion {!q} You see here a ball python corpse.
You butcher the ball python corpse.
o - a chunk of flesh {!e} You see here a ball python skeleton.
You now have 115 gold pieces (gained 7).
You see here 4 arrows.
You now have 128 gold pieces (gained 13).
A bat comes into view.
The bat closely misses you.
Casting: Pain
Confirm with . or Enter, or press ? or * to list all spells.
Aiming: Pain
Press: ? - help, Shift-Dir - straight line, f - bat
Aim: a bat (chance 85%)
The bat convulses in agony!
The bat closely misses you. The bat closely misses you.
The bat barely misses you. The bat hits you but does no damage.
You hit the bat.
You kill the bat!
Magic restored.
Done exploring.
Done exploring.
(D) Dungeon
Where to? (Enter - D:2, ? - help)
You see here 4 arrows.
There is a stone staircase leading down here.
You climb downwards.
Found a scale mail.
There is a stone staircase leading up here.
There is a stone staircase leading up here.
You fall through a shaft for 2 floors!
The shaft crumbles and collapses.
You are feeling hungry.
Eat a chunk of flesh {!e}? (ye/n/q/i?) This raw flesh tastes very good.
You continue eating. x2
An orc comes into view. It is wielding a hand axe.
Casting: Pain
Confirm with . or Enter, or press ? or * to list all spells.
Aiming: Pain
Press: ? - help, Shift-Dir - straight line, f - orc
Aim: an orc, wielding a hand axe (resting, chance 85%)
The orc shouts!
The orc convulses in agony!
The orc throws a tomahawk.
The tomahawk barely misses you.
A slave comes into view.
The orc throws a tomahawk.
The tomahawk hits you.
You see here a tomahawk {=f}.
The slave shouts!
The orc throws a tomahawk.
The tomahawk barely misses you.
You see here a tomahawk {=f}.
Found Frahoola's Jewellery Boutique.
Casting: Pain
Confirm with . or Enter, or press ? or * to list all spells.
You can't see any susceptible monsters within range! (Use Z to cast anyway.) Unknown command.
Casting: Pain
Confirm with . or Enter, or press ? or * to list all spells.
Aiming: Pain
Press: ? - help, Shift-Dir - straight line, f - slave
Aim: a slave, wearing an animal skin (chance 73%)
The slave convulses in agony!
Casting: Pain
Confirm with . or Enter, or press ? or * to list all spells.
Aiming: Pain
Press: ? - help, Shift-Dir - straight line, f/p - slave
Aim: a slave, wearing an animal skin (lightly wounded, chance 73%)
The slave struggles to resist.
Casting: Pain
Confirm with . or Enter, or press ? or * to list all spells.
Aiming: Pain
Press: ? - help, Shift-Dir - straight line, f/p - slave
Aim: a slave, wearing an animal skin (lightly wounded, chance 73%)
The slave convulses in agony!
Casting: Pain
Confirm with . or Enter, or press ? or * to list all spells.
Aiming: Pain
Press: ? - help, Shift-Dir - straight line, f/p - slave
Aim: a slave, wearing an animal skin (moderately wounded, chance 73%)
The slave struggles to resist.
You closely miss the slave.
The slave is moderately wounded.
The slave hits you.
You hit the slave.
The slave is moderately wounded.
The slave misses you.
You hit the slave. You bite the slave, but do no damage.
The slave is moderately wounded.
The slave hits you.
* * * LOW HITPOINT WARNING * * *
The slave hits you.
* * * LOW HITPOINT WARNING * * *
You hit the slave but do no damage.
The slave is moderately wounded.
The slave hits you but does no damage.
You closely miss the slave.
The slave is moderately wounded.
The slave hits you.
You die...

#.#..#...#
#.######....
#.# .. #.#
#.###
##..###
###..###
###.p##
###@# ###


You could see a slave.

Vanquished Creatures
  3 ball pythons
  A giant cockroach (D:1)
  5 hobgoblins (D:1)
  2 bats
  3 giant newts
  A goblin (D:1)
  3 kobolds (D:2)
  4 rats
22 creatures vanquished.

Notes
Turn   | Place    | Note
--------------------------------------------------------------
     0 | D:1      | siepu, the Vine Stalker Necromancer, began the quest for the Orb.
     0 | D:1      | Reached XP level 1. HP: 9/9 MP: 3/3
   238 | D:1      | Reached XP level 2. HP: 13/13 MP: 6/6
  1337 | D:3      | You fall through a shaft for 2 floors!
  1337 | D:5      | Entered Level 5 of the Dungeon
  1356 | D:5      | Noticed a slave
  1365 | D:5      | Found Frahoola's Jewellery Boutique.
  1391 | D:5      | HP: 2/13 [slave[Pikel] (3)]
  1393 | D:5      | Slain by a slave

Vault maps used:
D:1:      saegor_arrival_simple_c
D:3:      grunt_gozag_breadcrumbs, kennysheep_generic_room_5
D:5:      minmay_temple_entry_hall, first_bread, serial_shops,
          nicolae_shop_trees, st_stairs_8, uniq_pikel, uniq_grinder,
          uniq_sigmund

Action                   || total
-------------------------++-------
Melee: Unarmed           ||    45
       Short sword       ||     8
 Cast: Pain              ||    22
  Eat: Chunk             ||     2
